AoeStats
← adam

Arena

509174048Analyzed
4v4 RM · 6d ago on Sep 25, 2026· 38m 52s· 8 players
Game mode
Random Map
Map size
Large (8 player)
Population
200
Speed
Normal
Resources
Standard
Victory
Conquest
Starting age
Dark Age
Ending age
Imperial Age
RankedLock teamsTeams togetherTeam positionsShared explorationLock speedFull tech treeHidden civsTurbo modeCheats
Victory
Defeat
🇦🇷 Franks · Argentina
1152
+9
🇹🇼 Goths · Taiwan
1109
+10
🇷🇺 Persians · Russia
1045
+13
🇹🇼 Franks · Taiwan
1018
+13
🇺🇸 Britons · United States
1002
-12
🇵🇱 Persians · Poland
994
-12
966
-11
🇨🇱 Bohemians · Chile
932
-10
Soup
10:52 Feudal Age
11:27 Double-Bit Axe
11:25 Horse Collar
17:16 Castle Age
15:31 Stone Mining
18:16 Bow Saw
18:08 Heavy Plow
22:36 Loom
23:26 Wheelbarrow
22:36 Town Watch
22:46 Town Watch
24:42 Gold Mining
25:08 Fletching
26:25 Gold Shaft Mining
29:38 Imperial Age
26:53 Pikeman
27:35 Squires
28:12 Bodkin Arrow
28:19 Scale Mail Armor
28:30 Forging
29:55 Halberdier
32:03 Ballistics
32:41 Conscription
CL.CKrugger
10:22 Feudal Age
11:34 Double-Bit Axe
16:32 Castle Age
16:24 Forging
19:16 Wheelbarrow
23:13 Pikeman
25:11 Squires
29:33 Imperial Age
29:50 Iron Casting
29:16 Scale Mail Armor
32:21 Chemistry
31:41 Ballistics
31:23 Halberdier
32:31 Conscription
34:13 Chain Mail Armor
33:52 Fletching
xKx| Orange
0:53 Loom
14:08 Feudal Age
18:05 Double-Bit Axe
18:02 Horse Collar
22:33 Castle Age
27:48 Heavy Plow
31:00 Imperial Age
29:06 Forging
29:57 Scale Barding Armor
31:51 Wheelbarrow
31:05 Town Watch
32:08 Kamandaran
32:56 Conscription
35:35 Iron Casting
35:21 Chain Barding Armor
34:52 Fletching
35:03 Padded Archer Armor
34:46 Crossbowman
35:32 Thumb Ring
36:17 Elite War Elephant
Анольный Картель 7kmmr
11:18 Feudal Age
11:48 Double-Bit Axe
16:05 Castle Age
17:07 Bow Saw
25:42 Arson
27:44 Gambesons
28:42 Forging
32:28 Wheelbarrow
35:22 Imperial Age
34:35 Iron Casting
34:02 Scale Mail Armor
YanYan
9:39 Feudal Age
13:19 Castle Age
11:53 Double-Bit Axe
22:02 Loom
22:56 Wheelbarrow
23:39 Gold Mining
28:28 Imperial Age
25:45 Loom
26:03 Scale Mail Armor
26:15 Forging
26:42 Bow Saw
26:48 Hand Cart
26:55 Stone Mining
27:41 Gold Shaft Mining
27:24 Squires
27:09 Gambesons
27:10 Arson
27:44 Chain Mail Armor
28:55 Iron Casting
28:37 Husbandry
29:31 Conscription
28:35 Elite Throwing Axeman
29:52 Plate Mail Armor
29:29 Scale Barding Armor
30:48 Blast Furnace
30:04 Murder Holes
32:53 Chain Barding Armor
36:22 Plate Barding Armor
PuTao
10:37 Feudal Age
14:23 Castle Age
12:32 Double-Bit Axe
12:28 Horse Collar
21:16 Bow Saw
21:55 Heavy Plow
28:44 Imperial Age
26:52 Wheelbarrow
26:06 Loom
26:32 Gold Mining
26:38 Stone Mining
27:05 Forging
27:29 Scale Barding Armor
29:10 Iron Casting
28:55 Chain Barding Armor
28:53 Bloodlines
28:43 Husbandry
29:30 Conscription
28:54 Cavalier
30:58 Blast Furnace
31:00 Crop Rotation
32:03 Two-Man Saw
33:41 Savar
37:32 Plate Barding Armor
37:36 Gold Shaft Mining
37:29 Kamandaran
38:24 Crossbowman
39:13 Thumb Ring
adam
9:54 Feudal Age
14:13 Castle Age
15:54 Double-Bit Axe
26:18 Loom
29:54 Imperial Age
30:45 Wheelbarrow
30:18 Scale Barding Armor
30:24 Forging
30:31 Cavalier
31:13 Husbandry
32:04 Hand Cart
32:46 Chain Barding Armor
33:01 Iron Casting
31:54 Paladin
33:34 Conscription
33:14 Chivalry
34:10 Plate Barding Armor
36:37 Blast Furnace
39:15 Padded Archer Armor
39:05 Fletching
獨居老毛
10:33 Feudal Age
10:53 Feudal Age
15:11 Castle Age
12:58 Double-Bit Axe
13:50 Horse Collar
22:56 Bow Saw
26:04 Stone Mining
28:45 Imperial Age
26:02 Man-at-Arms
28:38 Gold Mining
28:20 Pikeman
29:01 Scale Mail Armor
30:03 Pikeman
31:01 Fletching
31:27 Chain Mail Armor
32:01 Conscription
33:20 Chemistry
32:37 Forging
33:11 Squires
32:55 Treadmill Crane
34:16 Iron Casting
33:47 Halberdier
35:46 Two-Man Saw
34:49 Heavy Plow
35:26 Wheelbarrow
34:36 Loom
37:09 Blast Furnace
36:49 Crop Rotation
36:17 Bodkin Arrow
39:16 Perfusion
39:18 Anarchy
Connection lost

Rejoining the realm…

Still unreachable

The connection could not be restored.

Session expired

The server has moved on; the page needs a fresh start.